 Dungeon Crawl Stone Soup version 0.21-a0-110-g8e1637b (webtiles) character file.

605 sagitran the Slasher (level 7, 0/121 HPs)
             Began as a Demonspawn Abyssal Knight on July 8, 2017.
             Was a Priest of Lugonu.
             Killed by divine providence
             ... invoked by an orc priest
              (12 damage)
             ... on level 6 of the Dungeon on July 10, 2017.
             The game lasted 00:22:38 (4246 turns).

sagitran the Slasher (Demonspawn Abyssal Knight)    Turns: 4246, Time: 00:22:39

Health: 0/121      AC: 23    Str: 19    XL:     7   Next: 19%
Magic:  9/9        EV:  2    Int: 13    God:    Lugonu [***...]
Gold:   228        SH:  0    Dex: 13    Spells: 6/6 levels left

rFire    . . .     SeeInvis .   s - +2 quarterstaff (chaos)
rCold    . . .     Gourm    .   (shield currently unavailable)
rNeg     + + +     Faith    .   (armour currently unavailable)
rPois    +         Spirit   .   (helmet currently unavailable)
rElec    .         Reflect  .   (cloak currently unavailable)
rCorr    .         Harm     .   (gloves currently unavailable)
MR       .....     NoTele   +   (boots currently unavailable)
Stlth    ..........             (no amulet)
HPRegen  0.30/turn              g - ring of stealth
MPRegen  0.11/turn              (no ring)

@: berserking, lethally poisoned (0 -> -1), tree-form, very quick
A: no striking features
a: Depart the Abyss, Bend Space, Banish, Renounce Religion


You were on level 6 of the Dungeon.
You worshipped Lugonu.
Lugonu was most pleased with you.
You were not hungry.
You were a tree.
You visited 1 branch of the dungeon, and saw 6 of its levels.
You visited the Abyss 1 time.

You collected 228 gold pieces.

Inventory:

Hand Weapons
 a - a +1 falchion
 q - a +2 whip of venom
 r - a +1 mace of protection
 s - a +2 quarterstaff of chaos (weapon)
 v - a +0 hunting sling
 y - a +0 shortbow
Missiles
 i - 69 stones (quivered)
 A - 17 arrows
Armour
 b - a +0 leather armour
 d - a +0 helmet (melded)
 p - a +0 chain mail (melded)
 t - a +0 cloak (melded)
Jewellery
 g - a ring of stealth (left branch)
Scrolls
 m - a scroll of magic mapping {unknown}
 n - a scroll of fog {unknown}
 u - 2 scrolls of remove curse
 w - 2 scrolls of fear
 B - a scroll of amnesia {unknown}
Potions
 h - a potion of cancellation
 j - 3 potions of haste
 o - a potion of resistance {unknown}
 z - a potion of lignification
Comestibles
 c - a meat ration
 k - 2 fruits
 x - 3 bread rations


   Skills:
 + Level 4.2 Fighting
 + Level 4.4 Long Blades
 + Level 1.0 Staves
 + Level 1.5 Throwing
 + Level 3.2 Armour
 + Level 2.6 Dodging
 + Level 1.2 Stealth
 + Level 2.9 Invocations


You had 6 spell levels left.
You didn't know any spells.

Dungeon Overview and Level Annotations

Branches:
Dungeon (6/15)             Temple (0/1) D:6

Altars:
Cheibriados
Elyvilon
Hepliaklqana
Makhleb
Okawaru
Qazlal
Ru
Sif Muna

Shops:
D:5 [

Annotations:
D:6 p0werm0de's ghost, novice DsCK


Innate Abilities, Weirdness & Mutations

((You have razor-sharp toenails.))
((You are partially covered in iridescent scales. (AC +2)))


Message History

It was a potion of berserk rage.
A red film seems to cover your vision as you go berserk!
You feel yourself moving faster!
You feel mighty! The water moccasin bites you.
* * * LOW HITPOINT WARNING * * *
An ogre comes into view. It is wielding a giant club.
The ogre shouts!
You hit the water moccasin.
The water moccasin flickers and vanishes!
You feel sick.
The ogre moves out of view.
Something bites you but does no damage.
You sock something! Lugonu accepts your kill.
Reactivating autopickup.
Your Staves skill increases to level 1!
You have reached level 7!
You feel a bit more experienced.
The orc warrior throws a stone.
The stone hits you but does no damage.
The orc priest calls down the wrath of Beogh upon you.
Beogh smites you!
You die...

. ..# #####
#...>...#.# #.
..### .....o....#
#..#...#
#......o#.##
#...#.##
....o..?... .....#
#.#.#o#.#.
#..#######
.........
#.........
#......o#######
#.########
#oo{o.♣..# #.# #..
########.# #.# #.#
#.# #.# #.# #.#
#.# #.# ##.## #.#
#.#
##...####.####.###
#.#....)#.........
##.#.##)######....
##.##)#.########.


You could see an orc warrior, 2 orc priests and an orc.

Vanquished Creatures
  A water moccasin (D:6)
  A centaur (D:5)
  A bullfrog (D:5)
  A wight (D:5)
  A crimson imp (D:3)
  Crazy Yiuf (D:3)
  An orc priest (D:6)
  A worker ant (D:5)
  7 adders
  4 gnolls (D:6)
  An ooze (D:3)
  A worm (D:2)
  A dart slug (D:1)
  2 leopard geckos (D:3)
  6 orcs
  8 bats
  3 giant cockroaches
  7 goblins
  9 hobgoblins
  5 jackals (D:1)
  4 kobolds
  2 quokkas
  2 ball pythons
  7 frilled lizards
  A jackal skeleton (D:5)
  A quokka skeleton (D:5)
  11 rats
90 creatures vanquished.

Notes
Turn   | Place    | Note
-------+----------+-------------------------------------------
     0 | Abyss:1  | sagitran the Demonspawn Abyssal Knight began the quest for the Orb.
     0 | Abyss:1  | Reached XP level 1. HP: 18/18 MP: 2/2
    16 | D:1      | Escaped the Abyss
    97 | D:1      | Gained mutation: You have sharp toenails. [demonic ancestry]
    97 | D:1      | Reached XP level 2. HP: 17/24 MP: 3/3
   368 | D:2      | Found an iron altar of Okawaru.
   766 | D:1      | Reached ** piety under Lugonu
  1062 | D:2      | Reached XP level 3. HP: 22/29 MP: 5/5
  1089 | D:2      | Reached skill level 1 in Dodging
  1783 | D:3      | Gained mutation: You are partially covered in iridescent scales. (AC +2) [demonic ancestry]
  1783 | D:3      | Reached XP level 4. HP: 14/37 MP: 6/6
  1991 | D:4      | Noticed a phantom
  2499 | D:2      | Found a deep blue altar of Sif Muna.
  2639 | D:3      | Gained mutation: You have razor-sharp toenails. [demonic ancestry]
  2639 | D:3      | Reached XP level 5. HP: 27/42 MP: 7/7
  2998 | D:3      | Reached *** piety under Lugonu
  3002 | D:3      | Found a stormy altar of Qazlal.
  3071 | D:3      | Found a runed door.
  3075 | D:3      | Noticed Crazy Yiuf
  3093 | D:3      | Killed Crazy Yiuf
  3166 | D:3      | Reached skill level 1 in Stealth
  3525 | D:5      | Entered Level 5 of the Dungeon
  3535 | D:6      | Noticed a centaur
  3535 | D:6      | Noticed p0werm0de's ghost (novice DsCK)
  3543 | D:5      | Killed a centaur
  3543 | D:5      | Reached XP level 6. HP: 48/48 MP: 8/8
  3571 | D:5      | Reached skill level 1 in Throwing
  3738 | D:5      | Found Wuril's Armour Shop.
  3776 | D:5      | Found a sacrificial altar of Ru.
  3792 | D:5      | Found a white marble altar of Elyvilon.
  3793 | D:5      | Found a snail-covered altar of Cheibriados.
  3797 | D:5      | Found a burning altar of Makhleb.
  3888 | D:5      | Found a hazy altar of Hepliaklqana.
  4227 | D:6      | Found a staircase to the Ecumenical Temple.
  4227 | D:6      | Noticed a water moccasin
  4228 | D:6      | Noticed an orc warrior
  4246 | D:6      | Killed a water moccasin
  4246 | D:6      | Reached skill level 1 in Staves
  4246 | D:6      | Reached XP level 7. HP: 12/54 MP: 9/9
  4246 | D:6      | Killed from afar by an orc priest

Vault maps used:
D:1:      lemuel_arrival_room, item_on_display_a
D:2:      lemuel_crystal_altar, led_sif_pool
D:3:      old_standard_altar, uniq_crazy_yiuf_cottage
D:5:      overflow_temple_1_default, minitemple, serial_shops,
          nicolae_shop_statue_plus, first_bread, minivault_11,
          serial_park_tiny_1, serial_bayou_crossing
D:6:      minmay_temple_entry_glass, st_stairs_8, kennysheep_potato

Skill      XL: |  1  2  3  4  5  6 |
---------------+-------------------+-----
Armour         | 2 3 |  3.2
Long Blades    | 2 3 4 |  4.4
Dodging        | 1 2 |  2.6
Fighting       | 4 |  4.2
Stealth        | 1 |  1.2
Throwing       | 1 |  1.5
Staves         | 1 |  1.0
Invocations    | |  2.9

Action                   |  1- 3 |  4- 6 |  7- 9 || total
-------------------------+-------+-------+-------++-------
Melee: Falchion          |   102 |   157 |       ||   259
       Kick              |    16 |    44 |       ||    60
       Whip              |       |     5 |       ||     5
       Quarterstaff      |       |    23 |       ||    23
Throw: Stone             |       |    24 |       ||    24
Invok: Bend Space        |       |     1 |       ||     1
  Use: Scroll            |     5 |     2 |       ||     7
       Potion            |     1 |     4 |       ||     5
 Stab: Sleeping          |       |     1 |       ||     1
  Eat: Bread ration      |     1 |     1 |       ||     2
       Chunk             |       |     2 |       ||     2
Armor: Leather armour    |    27 |    40 |       ||    67
       Skin              |     9 |    11 |     1 ||    21
       Chain mail        |       |    88 |       ||    88
Dodge: Dodged            |    81 |    87 |       ||   168
       Rpst.: Falchion   |    21 |    24 |       ||    45
